 Dungeon Crawl Stone Soup version 0.22-a0-271-gc000056 (webtiles) character file.

242280 RoseArtemis the Executioner (level 18, -28/267 HPs)
             Began as a Minotaur Berserker on Mar 11, 2018.
             Was the Champion of Trog.
             Shot with a bolt by a yaktaur captain (37 damage)
             ... on level 1 of the Vaults on Mar 12, 2018.
             The game lasted 01:27:27 (35129 turns).

RoseArtemis the Executioner (Minotaur Berserker)   Turns: 35129, Time: 01:27:28

Health: -28/267    AC: 22    Str: 28    XL:     18   Next: 67%
Magic:  7/7        EV: 19    Int:  5    God:    Trog [******]
Gold:   2613       SH:  0    Dex: 16    Spells: 17/17 levels left

rFire    + . .     SeeInvis .   a - +5 executioner's axe (antimagic)
rCold    + . .     Gourm    .   (shield currently unavailable)
rNeg     . . .     Faith    .   N - +5 plate armour {rC+}
rPois    .         Spirit   .   (helmet restricted)
rElec    .         Reflect  .   j - scarf {repulsion}
rCorr    .         Harm     .   D - +0 pair of gloves
MR       +++..                  C - +1 pair of boots
Stlth    ..........             m - amulet of regeneration
HPRegen  1.94/turn              q - +2 ring of evasion
MPRegen  0.10/turn              x - ring of protection from fire

@: berserking (expiring), marked, corroded, regenerating, repel missiles, very
quick
A: retaliatory headbutt, horns 2
}: 2/15 runes: decaying, gossamer
a: Berserk, Trog's Hand, Brothers in Arms, Renounce Religion


You were on level 1 of the Vaults.
You worshipped Trog.
Trog was exalted by your worship.
You were near starving.

You visited 7 branches of the dungeon, and saw 33 of its levels.

You collected 3343 gold pieces.
You spent 730 gold pieces at shops.

Inventory:

Hand Weapons
 a - a +5 antimagic executioner's axe (weapon)
 b - a +3 battleaxe of electrocution
 A - the +3 war axe of Destruction {freeze, rC- MR++}
   (You found it on level 8 of the Dungeon)

   It has been specially enchanted to freeze those struck by it, causing extra
   injury to most foes and up to half again as much damage against particularly
   susceptible opponents.
   It can also slow down cold-blooded creatures.
   It makes you vulnerable to cold.
   It affects your resistance to hostile enchantments.
 T - a +3 battleaxe of flaming
Armour
 j - a scarf of repulsion (worn)
 C - a +1 pair of boots (worn)
 D - a +0 pair of gloves (worn)
 N - a +5 plate armour of cold resistance (worn)
 W - a scarf of cloud immunity
 X - a +3 plate armour
 Y - a +0 plate armour of magic resistance
Jewellery
 m - an amulet of regeneration (around neck)
 q - a +2 ring of evasion (left hand)
 x - a ring of protection from fire (right hand)
 B - an uncursed ring of poison resistance
 R - a +3 ring of strength
 V - an uncursed ring of positive energy
Wands
 n - a wand of digging (60)
 p - a wand of paralysis (27)
 u - a wand of acid (64)
 w - a wand of disintegration (11)
 H - a wand of iceblast (18)
 J - a wand of flame (62)
Scrolls
 c - 12 scrolls of remove curse
 g - 6 scrolls of magic mapping
 s - 5 scrolls of enchant armour
 y - 6 scrolls of teleportation
 z - 2 scrolls of fog
 I - a scroll of fear
 K - 2 scrolls of brand weapon
 O - a scroll of holy word
Potions
 d - 4 potions of might
 e - 2 potions of haste
 h - 3 potions of resistance
 i - 5 potions of flight
 k - 7 potions of curing
 l - a potion of mutation {unknown}
 o - 5 potions of ambrosia
 E - 4 potions of agility
 G - 2 potions of berserk rage
 L - a potion of invisibility
 Q - a potion of heal wounds
 U - 3 potions of brilliance
Comestibles
 f - 49 rations


   Skills:
 + Level 19.9 Fighting
 * Level 24.3 Axes
 + Level 15.1 Armour
 + Level 14.1 Dodging
 - Level 6.0 Evocations


You had 17 spell levels left.
You didn't know any spells.

Dungeon Overview and Level Annotations

Branches:
Dungeon (15/15)            Temple (1/1) D:7            Lair (6/6) D:9
  Swamp (4/4) Lair:2       Spider (4/4) Lair:3        Slime (0/5) Lair:5
    Orc (2/2) D:10            Elf (0/3) Orc:2        Vaults (1/5) D:14
 Depths (0/5) D:15

Altars:
Ashenzari
Cheibriados
Dithmenos
Elyvilon
Fedhas
Hepliaklqana
Kikubaaqudgha
Makhleb
Nemelex Xobeh
Okawaru
Qazlal
Ru
Sif Muna
Trog
Uskayaw
Vehumet
Wu Jian
Xom
Yredelemnul
The Shining One
Beogh

Shops:
Orc:2 [%([!   Vaults:1 %


Innate Abilities, Weirdness & Mutations

You reflexively headbutt those who attack you in melee.
You have a pair of horns on your head.


Message History

The vault warden is heavily wounded.
You slash the skeletal warrior!
The skeletal warrior hits you with a halberd!
* * * LOW HITPOINT WARNING * * *
The vault warden falters for a moment.
You are too berserk!
You cut the vault warden into ribbons!!!
The vault warden's magic leaks into the air.
You kill the vault warden!
Trog accepts your kill.
The runic seal fades away.
Your plate armour prevents you from hitting the skeletal warrior.
The yaktaur captain shoots a bolt.
The bolt is repelled.
The skeletal warrior closely misses you.
There is a gate leading back out of this place here.
Things that are here:
an arrow; a bolt You feel a strong urge to attack something.
The yaktaur captain shoots a bolt.
The bolt hits you!!!
You die...

#############..#...)....#.
############..#........#.
#....#....##..#..>.....#.
#....#))(.##..#........#.
#....#))..##..#........#.
##....##..##..##########)
#.....#####...........(.
##....(((##............)
..##..).@.##.(....)..(.(.
...##.))).##.....((...(..
...)###)z.###############
......#c### #######
#.....Ocu.#########...#..
##......[[p.J.z...#...##.
###......#...c...()..#.#
####...#..(>(..##c###)
#####..(....#.#(#(#


You could see 2 yaktaur captains, a skeletal warrior and a two-headed ogre.

Vanquished Creatures
  A bone dragon (Swamp:4)
  Arachne (Spider:2)
  A thorn hunter (Swamp:1)
  The ghost of RoseArtemis the Warrior, an adept MiBe of Trog (Spider:2)
  A tengu reaver (Vaults:1)
  3 ghost moths (Spider:4)
  An orc warlord (Orc:2)
  4 vault wardens (Vaults:1)
  7 emperor scorpions
  An ironheart preserver (Vaults:1)
  3 entropy weavers
  A deep elf demonologist (Vaults:1)
  A deep elf annihilator (Vaults:1)
  An ettin (Orc:2)
  2 fire dragons
  Erolcha (Orc:1)
  A great orb of eyes (Vaults:1)
  16 hydras
  4 yaktaur captains (Vaults:1)
  3 ice dragons
  2 vault guards (Vaults:1)
  2 catoblepae
  Erica (D:8)
  A ghost crab (Swamp:3)
  2 ogre magi
  6 alligators
  11 centaur warriors
  6 two-headed ogres
  9 death yaks
  Urug (D:13)
  3 deep elf knights (Vaults:1)
  Nergalle (Lair:1)
  4 spriggans
  A fire crab (Lair:4)
  4 unseen horrors
  A death drake (Swamp:4)
  The ghost of matakusis the Summoner, a novice DESu of Sif Muna (D:11)
  10 skeletal warriors
  3 spectral hydras (Swamp:4)
  3 spriggan druids
  A deep elf archer (Vaults:1)
  2 shambling mangroves
  6 swamp dragons
  An ironbrand convoker (Vaults:1)
  Pikel (D:4)
  A glowing orange brain (Vaults:1)
  3 phantasmal warriors (Swamp:4)
  2 orc knights
  A necromancer (Spider:2)
  13 orb spiders
  3 wizards
  6 wolf spider zombies (Spider:2)
  4 deep elf magi
  7 ugly things
  5 cyclopes
  A moth of wrath (Spider:4)
  3 orc sorcerers (Orc:2)
  30 wolf spiders
  2 centaur zombies
  8 elephants
  10 black mambas
  3 vault sentinels (Vaults:1)
  Maurice (Orc:1)
  A guardian serpent (Lair:6)
  24 spiny frogs
  Psyche (D:8)
  4 rime drakes
  The ghost of Arum the Bolt Thrower, a novice GnWn (D:4)
  10 demonic crawlers
  A swamp worm zombie (Swamp:4)
  8 komodo dragons
  21 yaktaurs (Vaults:1)
  5 freezing wraiths
  6 redback zombies (Spider:2)
  3 hydra zombies (Swamp:4)
  A jumping spider (shapeshifter) (Vaults:1)
  5 trolls
  The ghost of matakusis the Summoner, a novice DESu of Sif Muna (D:6)
  26 jumping spiders
  5 polar bears
  11 hornets
  A hippogriff (shapeshifter) (Vaults:1)
  4 tyrant leeches
  Prince Ribbit (D:6)
  3 alligator zombies (Swamp:4)
  11 blink frogs
  10 slime creatures
  Grinder (D:4)
  5 hippogriffs
  5 bog bodies
  6 dream sheep (Lair:6)
  A spectral swamp dragon (Swamp:4)
  12 tarantella zombies (Spider:2)
  4 shadows
  74 redbacks
  32 tarantellas
  60 yaks
  Sigmund (D:6)
  A vampire (D:13)
  15 wyverns
  Eustachio (D:6)
  A wraith (D:13)
  2 water elementals (D:15)
  3 basilisks
  6 hungry ghosts
  A steam dragon (Lair:6)
  3 hogs (D:11)
  17 humans
  20 vampire mosquitoes
  14 swamp worms
  3 wargs
  2 acid dragons (Lair:6)
  Edmund (D:4)
  A soldier ant (D:15)
  20 water moccasins
  21 insubstantial wisps
  5 ice beasts
  8 porcupines
  6 swamp drakes
  4 black bears
  38 orc warriors
  2 eyes of draining
  3 sky beasts
  16 ogres
  A necrophage (D:11)
  4 swamp dragon zombies (Swamp:4)
  11 phantoms
  27 wolves
  5 centaurs
  13 crocodiles
  A big kobold (D:12)
  14 bullfrogs
  A wyvern zombie (D:14)
  4 scorpions
  9 killer bees
  5 troll zombies (D:10)
  3 electric eels
  7 howler monkeys
  4 crimson imps
  2 bullfrog zombies (D:11)
  A quasit (D:3)
  8 hounds
  A jelly (D:9)
  15 orc wizards
  17 orc priests
  4 bullfrog skeletons
  7 centaur skeletons
  A spectral swamp drake (Swamp:4)
  6 iguanas
  12 worker ants
  2 hell rats (Lair:6)
  3 ogre zombies (D:10)
  A hound zombie (D:9)
  Robin (D:2)
  3 gnolls (D:9)
  6 river rats (Lair:6)
  A swamp drake zombie (Swamp:4)
  17 adders
  A shadow imp (D:5)
  An ooze (D:2)
  An adder zombie (D:8)
  3 worms
  8 leopard geckos
  81 orcs
  A ball python (D:3)
  5 giant cockroaches
  15 goblins
  12 hobgoblins
  10 jackals
  10 kobolds
  6 bats
  6 frilled lizards
  A goblin skeleton (D:10)
  2 goblin zombies (D:10)
  A hobgoblin skeleton (D:10)
  A hobgoblin zombie (D:10)
  A jackal zombie (D:8)
  A leopard gecko skeleton (D:6)
  4 orc skeletons (D:10)
  16 orc zombies
  2 quokka skeletons
  7 rats
  A briar patch (Swamp:1)
  9 fungi
  12 plants
1254 creatures vanquished.

Vanquished Creatures (collateral kills)
  An entropy weaver (Spider:4)
  A spectral hydra (Swamp:4)
  An orb spider (Spider:4)
  2 demonic crawlers (Spider:4)
  A jumping spider (Spider:4)
  A redback (Spider:4)
  3 tarantellas (Spider:4)
10 creatures vanquished.

Vanquished Creatures (others)
  An ogre mage (Vaults:1)
  An unseen horror (D:11)
  A spectral hydra (Swamp:4)
  An ugly thing (D:11)
  A demonic crawler (Spider:4)
  A troll (D:11)
  A hornet (Spider:4)
  A slime creature (Vaults:1)
  A redback (Spider:1)
  2 slaves (D:4)
  A swamp drake (Swamp:1)
  A necrophage (D:11)
  A centaur (D:11)
  A hound (D:11)
  A worker ant (D:4)
  An adder (D:11)
  2 orcs (D:11)
  A jackal (D:11)
  18 fungi
  42 plants
80 creatures vanquished.

Grand Total: 1344 creatures vanquished

Notes
Turn   | Place    | Note
-------+----------+-------------------------------------------
     0 | D:1      | RoseArtemis the Minotaur Berserker began the quest for the Orb.
     0 | D:1      | Reached XP level 1. HP: 19/19 MP: 0/0
   481 | D:1      | Reached skill level 4 in Axes
   512 | D:1      | Reached XP level 2. HP: 22/27 MP: 1/1
  1044 | D:2      | Found a bloodstained altar of Trog.
  1052 | D:2      | Reached XP level 3. HP: 31/33 MP: 2/2
  1118 | D:2      | Reached ** piety under Trog
  1575 | D:2      | Reached XP level 4. HP: 39/40 MP: 3/3
  1615 | D:2      | Reached skill level 5 in Axes
  1884 | D:3      | Noticed Robin
  1909 | D:2      | Killed Robin
  1994 | D:3      | Reached XP level 5. HP: 47/47 MP: 4/4
  2366 | D:3      | Noticed an ogre
  2370 | D:3      | Reached *** piety under Trog
  2384 | D:3      | Killed an ogre
  2384 | D:3      | Reached skill level 5 in Fighting
  2384 | D:3      | Reached skill level 6 in Axes
  2384 | D:3      | Reached XP level 6. HP: 17/56 MP: 5/5
  2536 | D:4      | Noticed Arum's ghost (novice GnWn)
  2557 | D:4      | Killed Arum's ghost
  2557 | D:4      | Reached skill level 7 in Axes
  2557 | D:4      | Reached skill level 5 in Armour
  2557 | D:4      | Reached XP level 7. HP: 42/62 MP: 6/6
  2706 | D:4      | Found a glowing golden altar of the Shining One.
  2719 | D:4      | Reached skill level 8 in Axes
  2739 | D:4      | Noticed Edmund
  2750 | D:4      | Noticed Pikel
  2779 | D:4      | Paralysed by Pikel for 5 turns
  2785 | D:4      | Killed Pikel
  2785 | D:4      | Reached skill level 9 in Axes
  2785 | D:4      | Reached XP level 8. HP: 54/73 MP: 7/7
  2801 | D:4      | Killed Edmund
  3348 | D:4      | Noticed Grinder
  3362 | D:4      | Killed Grinder
  3465 | D:5      | Entered Level 5 of the Dungeon
  3568 | D:5      | Reached skill level 10 in Axes
  3723 | D:5      | Found a white marble altar of Elyvilon.
  3737 | D:5      | Found a sacrificial altar of Ru.
  3737 | D:5      | Found a bloodstained altar of Trog.
  3737 | D:5      | Found a basalt altar of Yredelemnul.
  3739 | D:5      | Found a hide-covered altar of Uskayaw.
  3741 | D:5      | Found an ancient bone altar of Kikubaaqudgha.
  3742 | D:5      | Found a radiant altar of Vehumet.
  3743 | D:5      | Found a burning altar of Makhleb.
  4535 | D:6      | Reached **** piety under Trog
  4569 | D:6      | Found a sparkling altar of Nemelex Xobeh.
  4573 | D:6      | Noticed Sigmund
  4580 | D:6      | Killed Sigmund
  4580 | D:6      | Reached XP level 9. HP: 81/81 MP: 8/8
  4635 | D:6      | Noticed Prince Ribbit
  4867 | D:6      | Noticed Eustachio
  4874 | D:6      | Killed Eustachio
  4874 | D:6      | Reached skill level 11 in Axes
  4963 | D:6      | Noticed matakusis's ghost (novice DESu)
  4994 | D:6      | Killed matakusis's ghost
  5501 | D:7      | Found a staircase to the Ecumenical Temple.
  5508 | Temple   | Entered the Ecumenical Temple
  6143 | D:8      | Reached skill level 12 in Axes
  6231 | D:8      | Reached XP level 10. HP: 73/91 MP: 9/9
  6434 | D:8      | Got a transparent war axe
  6435 | D:8      | Noticed Psyche
  6451 | D:8      | Killed Psyche
  6534 | D:8      | Noticed Erica
  6553 | D:8      | Killed Erica
  6553 | D:8      | Reached ***** piety under Trog
  6553 | D:8      | Reached skill level 13 in Axes
  6628 | D:8      | Reached skill level 10 in Fighting
  6742 | D:9      | Identified the +3 war axe of Destruction {freeze, rC- MR++} (You found it on level 8 of the Dungeon)
  7086 | D:9      | Reached skill level 10 in Armour
  7255 | D:9      | Found a staircase to the Lair.
  7337 | D:9      | Reached skill level 14 in Axes
  7647 | D:10     | Entered Level 10 of the Dungeon
  7708 | D:10     | Reached XP level 11. HP: 101/101 MP: 10/10
  7814 | D:10     | Found a staircase to the Orcish Mines.
  8542 | Lair:1   | Entered Level 1 of the Lair of Beasts
  8542 | Lair:1   | Noticed a seven-headed hydra
  8550 | Lair:1   | Killed a nine-headed hydra
  8695 | Lair:1   | Noticed Nergalle
  8708 | Lair:1   | Killed Nergalle
  8753 | Lair:1   | Reached ****** piety under Trog
  9582 | Lair:1   | Received a gift from Trog
  9743 | Lair:2   | Noticed a four-headed hydra
  9756 | Lair:2   | Killed a ten-headed hydra
 10038 | Lair:2   | Noticed a five-headed hydra
 10043 | Lair:2   | Killed a seven-headed hydra
 10043 | Lair:2   | Reached XP level 12. HP: 115/115 MP: 11/11
 10334 | Lair:2   | Noticed a five-headed hydra
 10346 | Lair:2   | Killed a ten-headed hydra
 10624 | Lair:2   | Found a staircase to the Swamp.
 10952 | Lair:3   | Noticed a four-headed hydra
 10960 | Lair:3   | Killed a nine-headed hydra
 11208 | Lair:3   | Found a hole to the Spider Nest.
 11454 | Lair:3   | Reached skill level 15 in Axes
 11772 | Lair:4   | Reached skill level 5 in Dodging
 11784 | Lair:4   | Reached skill level 1 in Evocations
 11855 | Lair:4   | Found a labyrinth entrance.
 11921 | Lair:4   | Received a gift from Trog
 12276 | Lair:4   | Reached XP level 13. HP: 102/124 MP: 12/14
 12300 | Lair:4   | Reached skill level 16 in Axes
 12306 | Lair:4   | Received a gift from Trog
 13341 | Lair:5   | Found a staircase to the Slime Pits.
 13800 | Lair:6   | Entered Level 6 of the Lair of Beasts
 13969 | Lair:6   | Reached skill level 17 in Axes
 14161 | Lair:6   | Reached skill level 15 in Fighting
 14251 | Lair:6   | Reached skill level 5 in Evocations
 14265 | Lair:6   | Received a gift from Trog
 14502 | Lair:6   | Reached XP level 14. HP: 135/135 MP: 16/16
 14996 | Lair:6   | Reached skill level 18 in Axes
 15449 | Lair:6   | Received a gift from Trog
 15871 | D:6      | Killed Prince Ribbit
 15967 | Orc:1    | Entered Level 1 of the Orcish Mines
 15967 | Orc:1    | Noticed Maurice
 15967 | Orc:1    | Noticed Erolcha
 15978 | Orc:1    | Killed Maurice
 15982 | Orc:1    | Killed Erolcha
 16326 | Orc:2    | Entered Level 2 of the Orcish Mines
 16326 | Orc:2    | Found Wuokk's Food Emporium.
 16580 | Orc:2    | Found a roughly hewn altar of Beogh.
 16615 | Orc:2    | Found a roughly hewn altar of Beogh.
 16654 | Orc:2    | Found Uteqan's Armour Boutique.
 16668 | Orc:2    | Bought a +4 plate armour of cold resistance for 600 gold pieces
 16818 | Orc:2    | HP: 6/136 [ettin/dire flail (36)]
 16998 | Orc:2    | Found a staircase to the Elven Halls.
 17098 | Orc:2    | Noticed an orc warlord
 17102 | Orc:2    | Received a gift from Trog
 17150 | Orc:2    | Killed an orc warlord
 17416 | Orc:2    | Found Efrunt's Antique Armour Shop.
 17417 | Orc:2    | Found a roughly hewn altar of Beogh.
 17549 | Orc:2    | Found Adoan's Antique Weapon Boutique.
 17594 | Orc:2    | Found a roughly hewn altar of Beogh.
 17603 | Orc:2    | Reached skill level 10 in Dodging
 17618 | Orc:2    | Found Ynyeps's Distillery.
 17631 | Orc:2    | Bought 2 potions of heal wounds for 130 gold pieces
 17698 | Orc:2    | Found a roughly hewn altar of Beogh.
 17702 | Orc:2    | Reached skill level 19 in Axes
 17768 | Orc:2    | Found a roughly hewn altar of Beogh.
 17897 | Orc:2    | Found a roughly hewn altar of Beogh.
 18251 | D:11     | Received a gift from Trog
 18376 | D:11     | Noticed matakusis's ghost (novice DESu)
 18393 | D:11     | Killed matakusis's ghost
 18393 | D:11     | Reached XP level 15. HP: 144/144 MP: 6/18
 18507 | D:11     | Found a shimmering altar of Xom.
 20717 | D:13     | Received a gift from Trog
 20970 | D:14     | Found a gate to the Vaults.
 20970 | D:14     | Noticed Urug
 21000 | D:13     | Killed Urug
 21462 | D:14     | Found a white marble altar of Elyvilon.
 21783 | D:14     | Reached skill level 20 in Axes
 21992 | D:15     | Entered Level 15 of the Dungeon
 22268 | D:15     | Found a staircase to the Depths.
 22338 | D:15     | Received a gift from Trog
 23450 | Swamp:1  | Entered Level 1 of the Swamp
 23546 | Swamp:1  | Noticed a thorn hunter
 23562 | Swamp:1  | Killed a thorn hunter
 23563 | Swamp:1  | Reached XP level 16. HP: 112/155 MP: 6/19
 24840 | Swamp:2  | Reached skill level 21 in Axes
 25525 | Swamp:3  | Received a gift from Trog
 26294 | Swamp:4  | Entered Level 4 of the Swamp
 27125 | Swamp:4  | Noticed a bone dragon
 27539 | Swamp:4  | Killed a bone dragon
 27666 | Swamp:4  | Got a decaying rune of Zot
 27943 | Spider:1 | Entered Level 1 of the Spider Nest
 27972 | Spider:1 | Received a gift from Trog
 28152 | Spider:1 | Reached skill level 22 in Axes
 28863 | Spider:2 | Reached XP level 17. HP: 121/166 MP: 6/20
 29116 | Spider:2 | Noticed RoseArtemis's ghost (adept MiBe)
 29234 | Spider:3 | Received a gift from Trog
 30047 | Spider:4 | Entered Level 4 of the Spider Nest
 30613 | Spider:4 | Received a gift from Trog
 30638 | Spider:4 | Reached skill level 23 in Axes
 31084 | Spider:4 | HP: 11/252 [jumping spider (4)]
 31097 | Spider:4 | HP: 4/168 [disintegration (18)]
 31745 | Spider:4 | Got a gossamer rune of Zot
 32099 | Spider:2 | Killed RoseArtemis's ghost
 32535 | Spider:2 | Noticed Arachne
 32548 | Spider:2 | Killed Arachne
 32548 | Spider:2 | Reached XP level 18. HP: 153/176 MP: 7/21
 32557 | Spider:2 | Received a gift from Trog
 33534 | Vaults:1 | Entered Level 1 of the Vaults
 34267 | Vaults:1 | Reached skill level 24 in Axes
 34603 | Vaults:1 | Found Jogutoa's Food Shop.
 34826 | Vaults:1 | Received a gift from Trog
 34907 | Vaults:1 | Reached skill level 15 in Armour
 35126 | Vaults:1 | HP: 5/267 [skeletal warrior/halberd[a skeletal warrior] (17)]
 35129 | Vaults:1 | Shot with a bolt by a yaktaur captain

Vault maps used:
D:1:      dpeg_arrival_connections
D:2:      first_ration, bloody_trog
D:3:      minmay_ogre_servants, uniq_robin
D:4:      grunt_ministairs_3, tso_metal_star, uniq_pikel, uniq_grinder,
          uniq_edmund
D:5:      minitemple
D:6:      nicolae_overflow_crystal_walls, grunt_decor_mini_mirrors,
          uniq_prince_ribbit1, uniq_sigmund, uniq_eustachio
D:7:      nicolae_overflow_hidden_temple, minmay_temple_entry_statues
D:8:      uniq_erica, uniq_psyche
D:9:      grunt_lair_entry_orc_guard_hut
D:10:     zombieorc2_lemuel
D:11:     grunt_livestock, abandoned_shop, hangedman_abyss_or_decor_clamps,
          xom_confusion_cloud
D:12:     serial_co_window_serial, co_window_of_opportunity_a,
          co_window_paths_a, co_window_corner_a, co_window_cross_1,
          co_window_paths_a, co_window_2corner, co_window_unsneaky_path_d,
          co_window_of_opportunity_b, co_window_broadway_a,
          co_window_broadway_b, kennysheep_cross_bottleneck, billiards_dpeg
D:14:     david_vaults_3, elyvilon_altar_1
D:15:     grunt_enter_depths_hoard, solitary_fountain, serial_bayou_lagoon_b
Temple:   jpeg_temple_alley_garden
Lair:1:   st_stairs_3, serial_bayou_pond_a, grunt_megastairs_1, uniq_nergalle
Lair:2:   minmay_swamp_entry_worms, grunt_megastairs_3
Lair:3:   spider_nest_entry_a, serial_bayou_shore_b, grunt_megastairs_5
Lair:4:   cheibrodos_lair_river_kwai, lab_entry_generic, st_stairs_12,
          cheibrodos_lair_lostbears
Lair:5:   slime_dummy
Lair:6:   guppyfry_lair_end_dragon, hangedman_lair_tendril_chambers,
          kennysheep_rathole
Swamp:1:  portal_ice_cave_entry_frozen_things, evilmike_swamp_ruin_house_4,
          swamp_pool2, nicolae_swamp_hydra_murder_den
Swamp:2:  evilmike_swamp_ruin_house_2
Swamp:3:  nicolae_swamp_treefoil, swamp_pool2
Swamp:4:  swamp_pestilence
Spider:2: lemuel_spider_zombies, spider_trap, uniq_arachne
Spider:4: grunt_spider_rune_circles, spider_trap, nicolae_spider_shape
Orc:1:    cheibrodos_orc_bank, uniq_maurice, uniq_josephine, uniq_erolcha
Orc:2:    grunt_orc_community_town_hall, grunt_orc_community_big_house_2,
          grunt_orc_community_big_house_1, grunt_orc_community_house_1,
          grunt_orc_community_house_2, grunt_orc_community_house_2,
          grunt_orc_community_house_2, grunt_orc_community_house_3,
          grunt_orc_community_house_2, serial_shops, nicolae_shop_trees
Vaults:1: ontoclasm_vaults_spin, v_pattern_3, hangedman_vaults_slither,
          grunt_vaults_hallway_long, v_misc_2, vaults_standard_mumra_x,
          nicolae_vaults_little_squares_1, nicolae_vaults_shelves_hall,
          nicolae_vaults_ninety_degrees, nicolae_vaults_diagonal_hallway_8,
          v_misc_15, nicolae_vaults_asterisk, ontoclasm_vaults_idyll,
          vaults_dpeg_encased_lava, nicolae_vaults_rhombus_7, serial_shops, shop

Skill      XL: |  1  2  3  4  5  6  7  8  9 10 11 12 13 14 15 16 17 18 |
---------------+-------------------------------------------------------+-----
Axes           | 4 5 6 7 9 10 12 14 15 17 19 20 22 23 24 | 24.3
Fighting       | 4 5 7 8 9 10 13 14 15 16 17 18 19 | 19.9
Armour         | 3 4 5 6 7 9 10 12 13 14 15 | 15.1
Dodging        | 6 8 10 11 13 14 | 14.1
Evocations     | 2 5 6 |  6.0

Action                   |  1- 3 |  4- 6 |  7- 9 | 10-12 | 13-15 | 16-18 || total
-------------------------+-------+-------+-------+-------+-------+-------++-------
Melee: Hand axe          |    72 |   128 |   327 |    77 |       |       ||   604
       Headbutt          |    11 |    15 |    67 |   126 |   279 |   319 ||   817
       War axe           |       |       |       |   320 |       |       ||   320
       Battleaxe         |       |       |       |   165 |   588 |    81 ||   834
       Executioner's axe |       |       |       |       |   551 |  1221 ||  1772
Invok: Berserk           |       |     2 |     2 |     6 |    11 |    12 ||    33
       Trog's Hand       |       |       |     1 |     5 |     6 |    10 ||    22
       Brothers in Arms  |       |       |       |       |     1 |     1 ||     2
  Use: Scroll            |       |     3 |     7 |    12 |    13 |    21 ||    56
       Potion            |       |       |     1 |     1 |     8 |     8 ||    18
 Stab: Invisible         |       |       |       |     4 |       |       ||     4
       Confused          |       |       |       |       |     3 |     3 ||     6
       Distracted        |       |       |       |       |     1 |       ||     1
       Held in net/web   |       |       |       |       |       |     1 ||     1
  Eat: Chunk             |     2 |     4 |    14 |    25 |    46 |    21 ||   112
       Ration            |       |       |       |     3 |     2 |     9 ||    14
Armor: Animal skin       |     6 |       |       |       |       |       ||     6
       Plate armour      |    25 |    67 |   193 |   370 |   583 |  1089 ||  2327
Dodge: Dodged            |    34 |    51 |   112 |   288 |   704 |  1264 ||  2453
       Deflected         |       |       |       |       |    24 |    19 ||    43

Table legend:
 A = Spawn XP
 B = Non-spawn XP
 C = Spawn XP percentage of total XP
 D = Spawn monster count
 E = Non-spawn monster count
 F = Spawn count percentage of total count
 G = Total turns spent on level
                    A         B        C        D         E        F      G
               +---------+---------+-------+---------+---------+-------+---------
         Total |       0 |  348201 |   0.0 |       0 |    1245 |   0.0 | 35129
               +---------+---------+-------+---------+---------+-------+---------
           D:1 |       0 |      26 |   0.0 |       0 |      16 |   0.0 |  1056
           D:2 |       0 |     111 |   0.0 |       0 |      23 |   0.0 |   876
           D:3 |       0 |     284 |   0.0 |       0 |      34 |   0.0 |   604
           D:4 |       0 |    1740 |   0.0 |       0 |      26 |   0.0 |   929
           D:5 |       0 |     619 |   0.0 |       0 |      16 |   0.0 |  1034
           D:6 |       0 |    1572 |   0.0 |       0 |      13 |   0.0 |   930
           D:7 |       0 |     543 |   0.0 |       0 |      16 |   0.0 |   588
           D:8 |       0 |    3028 |   0.0 |       0 |      26 |   0.0 |   635
           D:9 |       0 |    3150 |   0.0 |       0 |      39 |   0.0 |  1038
          D:10 |       0 |    2363 |   0.0 |       0 |      48 |   0.0 |   989
          D:11 |       0 |    8597 |   0.0 |       0 |      39 |   0.0 |  1191
          D:12 |       0 |    7772 |   0.0 |       0 |      42 |   0.0 |  1191
          D:13 |       0 |    6186 |   0.0 |       0 |      22 |   0.0 |   758
          D:14 |       0 |   12986 |   0.0 |       0 |      28 |   0.0 |  1057
          D:15 |       0 |   15327 |   0.0 |       0 |      34 |   0.0 |  1314
        Lair:1 |       0 |    6615 |   0.0 |       0 |      31 |   0.0 |  1305
        Lair:2 |       0 |    4206 |   0.0 |       0 |      10 |   0.0 |  1235
        Lair:3 |       0 |    5591 |   0.0 |       0 |      23 |   0.0 |   991
        Lair:4 |       0 |   13802 |   0.0 |       0 |      50 |   0.0 |  1309
        Lair:5 |       0 |    6919 |   0.0 |       0 |      14 |   0.0 |   754
        Lair:6 |       0 |   30609 |   0.0 |       0 |     109 |   0.0 |  1878
       Swamp:1 |       0 |   14389 |   0.0 |       0 |      36 |   0.0 |  1060
       Swamp:2 |       0 |    4726 |   0.0 |       0 |      20 |   0.0 |   795
       Swamp:3 |       0 |   11241 |   0.0 |       0 |      27 |   0.0 |  1177
       Swamp:4 |       0 |   22379 |   0.0 |       0 |      59 |   0.0 |  1391
      Spider:1 |       0 |   12850 |   0.0 |       0 |      38 |   0.0 |   985
      Spider:2 |       0 |   27424 |   0.0 |       0 |      62 |   0.0 |  1529
      Spider:3 |       0 |   18323 |   0.0 |       0 |      57 |   0.0 |  1265
      Spider:4 |       0 |   37319 |   0.0 |       0 |      81 |   0.0 |  1450
         Orc:1 |       0 |    2039 |   0.0 |       0 |      11 |   0.0 |   381
         Orc:2 |       0 |   15695 |   0.0 |       0 |     119 |   0.0 |  1851
      Vaults:1 |       0 |   49770 |   0.0 |       0 |      76 |   0.0 |  1365
               +---------+---------+-------+---------+---------+-------+---------
